[Event "Early-Titled-Tuesday-Blitz-February-06-2024"]
[Site "Chess.com"]
[Date "2024.02.06"]
[Round "6"]
[White "SantoBlue"]
[Black "youngKID"]
[Result "1/2-1/2"]
[WhiteElo "2997"]
[BlackElo "2806"]
[TimeControl "180+1"]
[EndTime "9:08:12 PST"]
[Termination "Game drawn by repetition"]

1. e4 e5 2. Nf3 Nc6 3. Bb5 a6 4. Ba4 d6 5. c3 Nf6 6. d4 Bd7 7.
O-O g6 8. d5 Ne7 9. Bxd7+ Qxd7 10.
Re1 Bg7 11. c4 O-O 12. Nc3 h6 13. c5 Rad8 14. cxd6 cxd6 15. Be3 Ng4 16. Bb6 Rc8 17.
h3 Nf6 18. Be3 Nh5 19. Na4 Qb5 20. Nb6 Rc7 21. a4 Qb4 22. a5 Qxe4 23. Bxh6 Qc2 24. Bxg7 Kxg7 25. Rc1 Qxd1 26. Rexd1 Rxc1 27. Rxc1 Nf6 28.
Rc7 Nexd5 29. Nxd5 Nxd5 30. Rxb7 Rc8 31. Rd7 Rc6 32.
Ng5 Kf6 33. h4 Ne7 34. b4 d5 35. g4 e4 36. Nh7+ Ke6 37. Nf8+ Kf6 38. g5+ Kg7 39. Rxe7 Kxf8 40. Rd7 Rc4 41. Rxd5 Rxb4 42. Rd6 e3 43. fxe3 Rxh4 44. Rxa6 Rg4+ 45. Kf2 Rxg5 46. Ke2 Rb5 47. Kd3 g5 48. Kc4 Rf5 49. e4 Rf2 50. Rb6 Ra2 51. Rb5 f6 52. e5 Kf7 53. exf6 Kxf6 54. Kb3 Ra1 55. Kb2 Ra4 56. Kb3 Ra1 57. Kb2 Ra4 58. Kb3 Ra1 1/2-1/2

[Event "Early-Titled-Tuesday-Blitz-February-06-2024"]
[Site "Chess.com"]
[Date "2024.02.06"]
[Round "6"]
[White "Chesstiger64"]
[Black "chess123456s"]
[Result "0-1"]
[WhiteElo "2273"]
[BlackElo "2544"]
[TimeControl "180+1"]
[EndTime "9:08:12 PST"]
[Termination "chess123456s won by resignation"]

1. d4 Nf6 2. Nf3 e6 3. e3 b6 4. c4 Bb7 5. Bd3 Be7 6. Nc3 O-O 7. O-O d5 8. b3 c5 9. dxc5 Bxc5 10. Bb2 Nc6 11.
Qe2 Re8 12. cxd5 exd5 13. Nb5 Qe7 14. Nbd4 Nxd4 15. Nxd4 g6 16. Rfd1 Rad8 17. Qf3 Ne4 18. Bxe4 dxe4 19. Qf4 Bd6 20. Qh6 Be5 21. Rd2 Rd6 22.
Ba3 Red8 23. Bxd6 Rxd6 24. Rad1 Qd8 25. h4 Bc8 26. f4 Bg7 27. Qg5 Bf6 28. Qh6 Bg7 29.
Qg5 Bf6 30. Qh6 Bg4 31. f5 Bg7 32. Qg5 Qxg5 33. hxg5 Bxd1 34. Rxd1 gxf5 35. Rf1 Bxd4 36. exd4 Rd5 37. Kh2 Kg7 38. Kg3 Kg6 39. Kf4 Rxd4 40. Rh1 Rd2 41. Rh6+ Kg7 42. Kxf5 Rxg2 43. a4 e3 44. Rh4 e2 45. Re4 Rg3 46. b4 Ra3 47.
Rxe2 Rxa4 48. Rb2 Ra3 49. Rb1 Rc3 50. Rb2 Rc7 51. Ra2 a5 52. bxa5 Rc5+ 53. Kg4 bxa5 54. Kh5 Rb5 55. Ra4 h6 56. Kg4 Rb4+ 57. Rxb4 axb4 58.
gxh6+ Kxh6 59. Kf4 Kg6 60. Ke3 Kf5 61. Kd3 Kg4 62.
Kc4 f5 63. Kxb4 f4 64. Kc3 Kg3 65. Kd2 f3 66. Ke1 Kg2 0-1

[Event "Early-Titled-Tuesday-Blitz-February-06-2024"]
[Site "Chess.com"]
[Date "2024.02.06"]
[Round "6"]
[White "FARIZA2018"]
[Black "The_Straightforward_Rook"]
[Result "1/2-1/2"]
[WhiteElo "2513"]
[BlackElo "2393"]
[TimeControl "180+1"]
[EndTime "9:08:12 PST"]
[Termination "Game drawn by repetition"]

1. e4 c6 2. d4 d5 3. Nc3 dxe4 4. Nxe4 Nf6 5. Nxf6+ exf6 6. c3 Bd6 7. Bd3 O-O 8.
Qc2 h5 9. Ne2 Re8 10. O-O h4 11. h3 Nd7 12. Bf4 Nf8 13. Bxd6 Qxd6 14. Rad1 Ne6 15.
c4 Nf4 16. Nxf4 Qxf4 17. Rfe1 Bd7 18. Qc3 Rxe1+ 19. Rxe1 Re8 20. Rxe8+ Bxe8 21. Qe1 Bd7 22. Qe4 Qxe4 23. Bxe4 Be6 24. b3 f5 25. Bf3 Kf8 26. Kf1 Ke7 27. Ke2 g5 28. Kd3 g4 29. Be2 Kf6 30.
f4 gxf3 31. Bxf3 Kg5 32. Ke3 f4+ 33. Kd2 Bf5 34. b4 Bb1 35. a4 Ba2 36. Kc3 Kf5 37. b5 cxb5 38. axb5 b6 39. Be2 Ke4 40. Kb2 Ke3 41.
Kxa2 Kxe2 42. d5 Kf2 43. d6 Kxg2 44. d7 f3 45. d8=Q f2 46. Qd5+ Kg1 47. Qg5+ Kh1 48.
Qf4 Kg1 49. Qg4+ Kh1 50. Qf3+ Kg1 51. Qg4+ Kh1 52. Qe4+ Kg1 53. Qd4 Kg2 54. Qd2 Kg1 55.
Qg5+ Kh1 56. Qd5+ Kg1 57. Qd4 Kg2 58. Qg4+ Kh2 59. Qf4+ Kg1 60. Qg4+ 1/2-1/2

[Event "Early-Titled-Tuesday-Blitz-February-06-2024"]
[Site "Chess.com"]
[Date "2024.02.06"]
[Round "6"]
[White "Polish_fighter3000"]
[Black "Zhigalko_Sergei"]
[Result "1/2-1/2"]
[WhiteElo "3058"]
[BlackElo "2951"]
[TimeControl "180+1"]
[EndTime "9:08:13 PST"]
[Termination "Game drawn by repetition"]

1. d4 Nf6 2. c4 e6 3. Nc3 Bb4 4. Qc2 O-O 5. a3 Bxc3+ 6. Qxc3 d6 7. Nf3 b6 8. Bg5 Bb7 9. Nd2 Nbd7 10. f3 c5 11.
dxc5 bxc5 12. e4 Qb6 13. Be2 a5 14. O-O a4 15. Kh1 Rab8 16. Rab1 Bc6 17. Rfd1 h6 18. Bf4 Qc7 19. Nf1 e5 20. Bg3 Rfd8 21. Bh4 g5 22.
Bg3 Nf8 23. Rxd6 Rxd6 24. Qxe5 Ne8 25. Qxc5 Qd7 26. Bxd6 Ne6 27. Qxc6 Qxc6 28. Bxb8 Nd6 29.
Ne3 Qb6 30. Bxd6 Qxd6 31. Nd5 Nd4 32. Bd1 Qa6 33. Rc1 Nb3 34. Bxb3 axb3 35. h3 Qa5 36. Rc3 Qc5 37. Rxb3 Qxc4 38. Rc3 Qd4 39. b4 f5 40. Rc8+ Kf7 41. Rc7+ Kf8 42. b5 fxe4 43. Rc8+ Kf7 44. Rc7+ Kf8 45. fxe4 Qxe4 46. Rd7 Qe1+ 47. Kh2 Qe5+ 48. Kg1 Qe1+ 49. Kh2 Qe5+ 50. Kh1 Qe1+ 51. Kh2 1/2-1/2

[Event "Early-Titled-Tuesday-Blitz-February-06-2024"]
[Site "Chess.com"]
[Date "2024.02.06"]
[Round "6"]
[White "Vaathi_Coming"]
[Black "Elegance_Riks"]
[Result "1/2-1/2"]
[WhiteElo "2935"]
[BlackElo "2770"]
[TimeControl "180+1"]
[EndTime "9:08:13 PST"]
[Termination "Game drawn by repetition"]

1. d4 d5 2. c3 Nf6 3. Nf3 g6 4. Bf4 Bg7 5. e3 O-O 6. h3 c5 7. Nbd2 Nc6 8. Be2 Nd7 9. O-O e5 10. dxe5 Ndxe5 11. Nxe5 Nxe5 12. Nf3 Nxf3+ 13. Bxf3 Be6 14.
Qb3 Qb6 15. Bxd5 Bxd5 16. Qxd5 Qxb2 17. Rab1 Qxc3 18. Rxb7 Rad8 19. Qb3 Rd3 20. Qxc3 Rxc3 21. Rxa7 c4 22. Rd1 Rc2 23. Rdd7 c3 24. Bd6 Rc1+ 25.
Kh2 c2 26. Rac7 Rd1 27. Rxc2 Rxd6 28. Rb7 Ra6 29. g3 h5 30. h4 Ra4 31. Kg2 Raa8 32.
Rd2 Rfb8 33. Rc7 Rd8 34. Rdc2 Ra6 35. Rb7 Bf6 36. Rcc7 Rf8 37. Rc2 Ra5 38. Rd2 Ra3 39. Rc2 Bg7 40. Rd2 Raa8 41. Rc2 Rfc8 42. Rd2 Rcb8 43. Rc7 Rc8 44. Rb7 Rd8 45. Rc2 Be5 46. Rc5 Bd6 47. Rc2 Rdb8 48. Rd7 Rd8 49. Rb7 Ra6 50. Rd2 Raa8 51. Rc2 1/2-1/2

[Event "Early-Titled-Tuesday-Blitz-February-06-2024"]
[Site "Chess.com"]
[Date "2024.02.06"]
[Round "6"]
[White "Adar_07"]
[Black "OparinGrigoriy"]
[Result "0-1"]
[WhiteElo "2716"]
[BlackElo "2989"]
[TimeControl "180+1"]
[EndTime "9:08:13 PST"]
[Termination "OparinGrigoriy won by resignation"]

1. Nf3 a6 2. e4 c5 3. c3 e6 4. d4 d5 5. exd5 Qxd5 6. Be3 Nf6 7. Nbd2 cxd4 8. Nxd4 Be7 9. Qf3 O-O 10. Bc4 Qd7 11. Bf4 Nc6 12. Nxc6 bxc6 13. Rd1 Bb7 14. Ne4 Nd5 15. O-O Rad8 16. Bb3 Qc8 17. Bg3 c5 18. Qe2 f5 19. c4 fxe4 20. cxd5 Bxd5 21. Bc4 Qc6 22. b3 a5 23. Be5 Rf5 24.
Bc3 Rdf8 25. Bxa5 Bh4 26. g3 Bf6 27. Bd2 Bd4 28. Be3 e5 29. Bxd4 exd4 30. Qxe4 Kh8 31. Bxd5 Rxd5 32. Rde1 h6 33. Rc1 d3 34. Rfd1 Qd6 35. Rc3 d2 36. Rc2 Re5 37. Qg4 Re1+ 38. Kg2 Qd5+ 39. Kh3 Rxd1 40. Qxd1 Rd8 41. f3 Qf5+ 42.
Kg2 Qxc2 43. Qxc2 d1=Q 44. Qxc5 Rd2+ 45. Kh3 Qxf3 46. Qc8+ Kh7 47. Qe6 Qd3 48. Qe5 Rxa2 49. b4 Qg6 50. b5 Rc2 51. b6 Qxb6 52. Kg4 Qg6+ 0-1

[Event "Early-Titled-Tuesday-Blitz-February-06-2024"]
[Site "Chess.com"]
[Date "2024.02.06"]
[Round "6"]
[White "BardArtem"]
[Black "wyharga"]
[Result "1/2-1/2"]
[WhiteElo "2767"]
[BlackElo "2568"]
[TimeControl "180+1"]
[EndTime "9:08:13 PST"]
[Termination "Game drawn by stalemate"]

1. e4 c5 2. c3 Nf6 3. e5 Nd5 4. Nf3 d6 5. Bc4 Nb6 6. Bb3 Nc6 7. exd6 e6 8. O-O Bxd6 9. d4 cxd4 10. cxd4 O-O 11.
Nc3 Be7 12. Re1 Nb4 13. Ne5 Bd7 14. a3 N4d5 15. Nxd5 Nxd5 16. Qf3 Bc6 17. Nxc6 bxc6 18. Bc2 Bf6 19. Bd2 g6 20. Qe4 Qb6 21. Bc3 Rfd8 22. Qf3 Bxd4 23. Bxd4 Qxd4 24. b4 a5 25. bxa5 Rxa5 26.
Be4 Rda8 27. h3 Kg7 28. Red1 Qf6 29. Qg3 Nc3 30. Re1 Nxe4 31. Qe3 Nd6 32. Rac1 Rxa3 33. Qc5 Nf5 34. Qxc6 Ra2 35. Qe4 h5 36. Re2 Rxe2 37. Qxe2 Ra1 38. Rxa1 Qxa1+ 39. Kh2 h4 40. Qe4 Qd4 41.
Qe2 Qf4+ 42. Kg1 Nd4 43. Qd3 e5 44. Qa6 Qc1+ 45. Kh2 Qf4+ 46. Kg1 Qd2 47. Qa1 Ne2+ 48. Kf1 Qc1+ 49. Qxc1 Nxc1 50. g3 g5 51. Kg2 f5 52.
g4 Kf6 53. Kf3 Nd3 54. Ke3 Nf4 55. Kf3 Nxh3 56. gxf5 Kxf5 57. Kg2 g4 58. f3 Nf4+ 59.
Kh2 g3+ 60. Kh1 h3 61. Kg1 e4 62. Kf1 exf3 63. Kg1 Kg4 64. Kf1 h2 65. Ke1 g2 66.
Kd2 f2 67. Kc3 f1=Q 68. Kb4 g1=Q 69. Ka5 Qc4 1/2-1/2

[Event "Early-Titled-Tuesday-Blitz-February-06-2024"]
[Site "Chess.com"]
[Date "2024.02.06"]
[Round "6"]
[White "LeoWin2012"]
[Black "tarno17"]
[Result "0-1"]
[WhiteElo "2157"]
[BlackElo "2116"]
[TimeControl "180+1"]
[EndTime "9:08:13 PST"]
[Termination "tarno17 won on time"]

1. e4 c5 2. Nf3 e6 3. c4 a6 4. Nc3 Qc7 5. d4 cxd4 6. Nxd4 Nf6 7. Be3 Bb4 8. f3 Nc6 9. Qd2 Ne5 10. b3 d5 11.
exd5 Nxd5 12. Nde2 Nxe3 13. Qxe3 Bc5 14. Qd2 O-O 15.
O-O-O b5 16. cxb5 axb5 17. Kb1 b4 18. Ne4 Be7 19. Rc1 Qa7 20. Nf4 Rd8 21. Qb2 Bd7 22. Nd3 Nc6 23. Ndc5 Nd4 24. Nxd7 Rxd7 25. Bc4 Nf5 26.
Rhd1 Rad8 27. Qe2 h6 28. Rxd7 Qxd7 29. g4 Nd4 30. Qf2 Qb7 31. Rd1 Nc6 32. Rxd8+ Bxd8 33. Qd2 Be7 34. Nd6 Qc7 35. Ne4 Ne5 36. Qe2 Nxc4 37. Qxc4 Qb6 38. Qc8+ Kh7 39. Qc2 Qg1+ 40. Kb2 Qd4+ 41. Kb1 g6 42. h3 Kg7 43. Qb2 Qxb2+ 44. Kxb2 f5 45. gxf5 exf5 46. Nd2 g5 47. Nc4 h5 48. a4 g4 0-1

[Event "Early-Titled-Tuesday-Blitz-February-06-2024"]
[Site "Chess.com"]
[Date "2024.02.06"]
[Round "6"]
[White "secrethawk1"]
[Black "Paladin61"]
[Result "1-0"]
[WhiteElo "2514"]
[BlackElo "2664"]
[TimeControl "180+1"]
[EndTime "9:08:14 PST"]
[Termination "secrethawk1 won by resignation"]

1. e4 e6 2. d4 d5 3. Nc3 Nf6 4.
Bg5 dxe4 5. Nxe4 Be7 6. Bxf6 gxf6 7. Nf3 f5 8. Nc3 a6 9. Be2 b5 10. a3 Bb7 11. Qd2 Nd7 12. O-O-O Nb6 13. Ne5 h5 14. f4 b4 15. axb4 Bxb4 16. Qd3 Nd5 17. Qg3 Bxc3 18. bxc3 Qe7 19. Kd2 c5 20. Rb1 O-O-O 21. Rb3 Rhg8 22. Qf2 Nf6 23. Bf3 Bxf3 24. gxf3 Kc7 25. Rhb1 Qd6 26. Rb7+ Kc8 27. Rb8+ Qxb8 28. Rxb8+ Kxb8 29. Nc6+ Kb7 30. Nxd8+ Rxd8 31. Qh4 cxd4 32. Qxf6 dxc3+ 33. Kxc3 Rd7 34. Qh8 Rc7+ 35. Kb2 a5 36. Qxh5 a4 37. Qh8 a3+ 38. Kxa3 Rxc2 39. h4 Rc7 40. h5 Kc6 41. Qc3+ Kd6 42.
Qxc7+ Kxc7 43. h6 Kd6 44. h7 Kd5 45. h8=Q Kc4 46. Qf6 Kd3 47. Qxf7 Ke3 48. Qxe6+ Kxf4 49. Qe2 Kg3 50. Qe5+ f4 51. Qe4 Kg2 52. Qxf4 Kh1 53. Qg4 Kh2 54. f4 1-0

[Event "Early-Titled-Tuesday-Blitz-February-06-2024"]
[Site "Chess.com"]
[Date "2024.02.06"]
[Round "6"]
[White "Genghis_K"]
[Black "Vaibhavraut99"]
[Result "1-0"]
[WhiteElo "2911"]
[BlackElo "2726"]
[TimeControl "180+1"]
[EndTime "9:08:15 PST"]
[Termination "Genghis_K won by resignation"]

1. e4 c5 2. Nf3 e6 3. c3 Nf6 4. e5 Nd5 5. d4 cxd4 6. cxd4 d6 7.
Bc4 Nc6 8. O-O Be7 9. Qe2 O-O 10. Rd1 Bd7 11. Bd2 Ndb4 12. exd6 Bxd6 13. Nc3 Nc2 14.
Bg5 N2xd4 15. Bxd8 Nxe2+ 16. Bxe2 Bxh2+ 17. Kxh2 Rfxd8 18. Ne4 Nb4 19. Ne5 Be8 20. Nc3 f6 21. Nc4 Bc6 22.
Na5 Kf7 23. Nxc6 Nxc6 24. Bf3 Ne5 25. Be2 g5 26. f3 h5 27. Kg3 h4+ 28. Kf2 a6 29.
Ne4 Ke7 30. Rac1 Rac8 31. Nc3 b5 32. a3 f5 33. Ke3 Ng6 34. Bf1 Nf4 35. Rxd8 Rxd8 36.
Rd1 Rc8 37. Kf2 Rc7 38. g3 hxg3+ 39. Kxg3 Nh5+ 40. Kf2 Nf4 41. Ke3 Rc8 42. Rd4 Rh8 43. a4 bxa4 44. Rxa4 Rh2 45. Be2 Rh1 46. Rxa6 Ng2+ 47.
Kd4 Nf4 48. Bc4 Re1 49. b4 e5+ 50. Kc5 g4 51. fxg4 fxg4 52. Nd5+ Kd7 53. Nf6+ Kc7 54.
Nxg4 e4 55. Ra7+ Kb8 56. Rf7 Nd3+ 57. Bxd3 exd3 58. Rd7 Rd1 59. Nf2 Rc1+ 60. Kb5 Rc2 61. Nxd3 Rd2 62. Nc5 1-0

[Event "Early-Titled-Tuesday-Blitz-February-06-2024"]
[Site "Chess.com"]
[Date "2024.02.06"]
[Round "6"]
[White "wonderfultime"]
[Black "BillieKimbah"]
[Result "1/2-1/2"]
[WhiteElo "3049"]
[BlackElo "2954"]
[TimeControl "180+1"]
[EndTime "9:08:18 PST"]
[Termination "Game drawn by agreement"]

1. d4 Nf6 2. Nf3 e6 3. Bf4 b6 4.
e3 Bb7 5. Bd3 Be7 6. c4 c5 7.
O-O O-O 8. Nc3 cxd4 9. Nxd4 a6 10. Be2 d6 11. Bg3 Nbd7 12. Bf3 Qc7 13. Rc1 Rac8 14. b3 Rfd8 15. h3 Ne5 16. Bxb7 Qxb7 17. Qe2 h6 18. Rfd1 Ng6 19. Qc2 d5 20. Nxe6 fxe6 21. Qxg6 dxc4 22. bxc4 Rxc4 23. Be5 Rf8 24. Ne2 Rxc1 25. Rxc1 Bc5 26.
Nf4 Qf7 27. Qd3 Nd7 28. Bd6 Bxd6 29. Qxd6 e5 30. Nd3 Nc5 31. Nxc5 Qxf2+ 32. Kh1 bxc5 33. Qd5+ Kh7 34. Qxc5 Rf5 35. e4 Rf6 36. Qxe5 Qxa2 37.
Rc7 Qe6 38. Qd4 Rf7 39. Rxf7 Qxf7 40. e5 Qe6 41. Qc5 Kg6 42. g4 h5 43. gxh5+ Kxh5 44.
Kh2 Kg5 45. Kg3 Kf5 46. Qc2+ Kxe5 47. Qc3+ Kf5 48. Qxg7 Qe5+ 49. Qxe5+ Kxe5 50. Kf3 a5 51. Ke3 a4 52. Kd2 a3 53. Kc2 Kf4 1/2-1/2

[Event "Early-Titled-Tuesday-Blitz-February-06-2024"]
[Site "Chess.com"]
[Date "2024.02.06"]
[Round "6"]
[White "bulletteemo"]
[Black "Evgeny81"]
[Result "1-0"]
[WhiteElo "2553"]
[BlackElo "2699"]
[TimeControl "180+1"]
[EndTime "9:08:19 PST"]
[Termination "bulletteemo won on time"]

1. e4 c5 2. Nf3 Nc6 3. d4 cxd4 4. Nxd4 Nf6 5. Nc3 Rb8 6. Be3 d6 7. Bc4 Bd7 8. Qe2 Nxd4 9. Bxd4 b5 10. Bxb5 Rxb5 11.
Nxb5 Qa5+ 12. Nc3 e5 13. Be3 Nxe4 14. Bd2 Nxd2 15. Qxd2 Be7 16. O-O O-O 17. Rfd1 Qc5 18. Nd5 Bh4 19. b4 Qc4 20. Ne3 Qe4 21. Qxd6 Be6 22. b5 h5 23. Qd3 Qa4 24. c4 Bg5 25.
Qb3 Qa5 26. Nd5 Rc8 27. Qg3 Bd8 28. Qxe5 Rxc4 29. Rac1 Rxc1 30. Rxc1 Qxa2 31. Ne3 Bb6 32. Qxh5 Qb2 33. Rd1 Bb3 34. Re1 Qd2 35. Qe2 Qd4 36.
Nf5 Qf6 37. Ne7+ Kf8 38. Nc6 Kg8 39. h3 Bc4 40. Qe8+ Kh7 41. Qe4+ g6 42. Qf3 Qxf3 43. gxf3 Bxb5 44. Ne5 Kg7 45. Kg2 a6 46. Rc1 Bd4 47. Ng4 Bb2 48. Rc7 Bd4 49. h4 Bb2 50. Ne3 Bd4 51.
Nd5 Be5 52. Re7 Bd4 53. Kg3 a5 54. Nf4 1-0

[Event "Early-Titled-Tuesday-Blitz-February-06-2024"]
[Site "Chess.com"]
[Date "2024.02.06"]
[Round "6"]
[White "nikitadovbnya2008"]
[Black "sonicdravise"]
[Result "1-0"]
[WhiteElo "2296"]
[BlackElo "2606"]
[TimeControl "180+1"]
[EndTime "9:08:19 PST"]
[Termination "nikitadovbnya2008 won by checkmate"]

1. e4 g6 2. d4 Bg7 3. Nc3 d6 4. f4 a6 5. Nf3 b5 6. Be3 Nd7 7. Qd2 Bb7 8. Bd3 Ngf6 9. e5 b4 10. Ne2 Nd5 11. Bf2 c5 12. exd6 exd6 13. O-O O-O 14. Bc4 N5b6 15. b3 d5 16. dxc5 dxc4 17.
cxb6 Bxa1 18. Rxa1 Bxf3 19. gxf3 Qf6 20. Bd4 Qc6 21. Ng3 Nxb6 22. f5 Rad8 23. Qh6 Rxd4 24. Nh5 gxh5 25. Qxc6 Nd7 26. Qh6 Kh8 27. Kh1 Rg8 28.
Rg1 Rxg1+ 29. Kxg1 c3 30. Qc6 Rd1+ 31. Kg2 Rd2+ 32.
Kg3 Kg7 33. Kf4 a5 34. Kg5 f6+ 35. Kf4 Ne5 36. Qc7+ Rd7 37. Qxa5 Kf7 38. Qxb4 Rc7 39. Qb6 Rc6 40. Qb7+ Kf8 41. Qb4+ Kf7 42. Qd4 Rc7 43.
Qd5+ Ke7 44. Qe6+ Kd8 45. Qxf6+ Re7 46. Qxe5 Rxe5 47. Kxe5 Ke7 48. f6+ Kf7 49. a4 h4 50.
a5 h3 51. a6 h5 52. a7 h4 53. a8=Q Kg6 54. Qg8+ Kh6 55. Kf5 Kh5 56. Qh8# 1-0

[Event "Early-Titled-Tuesday-Blitz-February-06-2024"]
[Site "Chess.com"]
[Date "2024.02.06"]
[Round "6"]
[White "Smiechu"]
[Black "NikitaShnadrygin"]
[Result "1-0"]
[WhiteElo "2440"]
[BlackElo "2664"]
[TimeControl "180+1"]
[EndTime "9:08:19 PST"]
[Termination "Smiechu won on time"]

1. e4 c5 2. Nf3 e6 3. d4 cxd4 4. Nxd4 Nf6 5. Nc3 Nc6 6. a3 Qc7 7. Be3 a6 8. Bd3 d6 9. O-O Be7 10. f4 Nd7 11. f5 Nf6 12. fxe6 fxe6 13. Nxc6 bxc6 14. e5 dxe5 15. Ne4 O-O 16. Nxf6+ Bxf6 17. Bc5 Rf7 18. Kh1 Bb7 19. Bd6 Qd7 20. c4 c5 21.
Bxe5 Bxe5 22. Qh5 Rxf1+ 23. Rxf1 g6 24. Qxe5 Rf8 25. Rxf8+ Kxf8 26. Qh8+ Ke7 27. Qxh7+ Kd8 28. Qxd7+ Kxd7 29. Bxg6 Kd6 30. h4 Ke5 31. Kh2 Kf6 32. h5 e5 33. Kg3 Kg5 34. Kf2 Bc6 35. g3 Bb7 36. Ke3 a5 37. Bf7 Kf6 38. Bd5 Bc8 39.
Bf3 Kg5 40. g4 Bd7 41. Be2 Bc6 42. Bf3 Bd7 43. Kf2 Be6 44. b3 a4 45. bxa4 Bxc4 46. a5 Bb5 47. Be2 Bc6 48. a6 e4 49. a7 Kf4 50. Bb5 e3+ 51. Ke1 Bd5 52. h6 1-0

[Event "Early-Titled-Tuesday-Blitz-February-06-2024"]
[Site "Chess.com"]
[Date "2024.02.06"]
[Round "6"]
[White "Gabrielian_Artur"]
[Black "ChainedDowntohell"]
[Result "1-0"]
[WhiteElo "2764"]
[BlackElo "2558"]
[TimeControl "180+1"]
[EndTime "9:08:20 PST"]
[Termination "Gabrielian_Artur won by resignation"]

1. e4 c5 2. Nf3 a6 3. c4 Nc6 4. d4 cxd4 5. Nxd4 e5 6. Nf5 d5 7.
cxd5 Bxf5 8. exf5 Nd4 9. Nc3 Nf6 10. Bd3 Be7 11. O-O O-O 12. Re1 Nxd5 13. Rxe5 Nb4 14. Bf1 Bf6 15. Re4 Ndc2 16. Rb1 Qxd1 17. Nxd1 Nxa2 18. Bf4 Rac8 19. g3 Rfd8 20. Ne3 Nab4 21.
Nxc2 Nxc2 22. Bg2 b5 23. h4 a5 24. Bf1 b4 25. b3 Nd4 26. Bc4 a4 27. Be3 axb3 28.
Bxb3 Nxb3 29. Rxb3 Rd1+ 30. Kg2 Bc3 31. g4 g6 32. f6 Bxf6 33. Rbxb4 Rd7 34. g5 Bg7 35. Rb5 Rcd8 36. Rb6 h6 37. gxh6 Bf8 38. Rb5 Kh7 39.
h5 Bxh6 40. hxg6+ fxg6 41. Rh4 g5 42. Rxg5 Rd6 43. Rgh5 Rg8+ 44. Kf1 Rgg6 45. Ke2 Rde6 46.
Rxh6+ Rxh6 47. Rxh6+ Rxh6 48. Bxh6 Kxh6 49. Ke3 Kg6 50.
Ke4 Kg7 51. Kf5 Kf7 52. f4 Kg7 53. Ke6 Kg8 54. Ke7 Kg7 55. f5 1-0

[Event "Early-Titled-Tuesday-Blitz-February-06-2024"]
[Site "Chess.com"]
[Date "2024.02.06"]
[Round "6"]
[White "ClaudiaSof"]
[Black "ploxoi"]
[Result "1-0"]
[WhiteElo "2280"]
[BlackElo "2446"]
[TimeControl "180+1"]
[EndTime "9:08:20 PST"]
[Termination "ClaudiaSof won by resignation"]

1. d4 e6 2. Bf4 c5 3. e3 Qb6 4. Nc3 Nf6 5. a3 d5 6. Nf3 a6 7. Bd3 Nc6 8. O-O Bd7 9. Rb1 Rc8 10. dxc5 Qxc5 11. e4 d4 12. Ne2 e5 13. Bg3 Be7 14.
b4 Qd6 15. b5 axb5 16. Rxb5 O-O 17. a4 Nb4 18. Bxe5 Qa6 19. Bxf6 Qxf6 20. Rxb7 Bxa4 21. Nexd4 Bc5 22. Nb3 Bxb3 23. cxb3 Rfd8 24. e5 Qc6 25. Rxb4 Bxb4 26. Qb1 h6 27. Bc4 Bc5 28. Qf5 Rc7 29.
h4 Re7 30. h5 Qb6 31. Bd3 g6 32. hxg6 Qxg6 33. Qxg6+ fxg6 34. Bxg6 Rb8 35. Bd3 Rb6 36. Bc4+ Kh7 37. Rd1 Rg6 38. Kf1 Reg7 39. Bd3 h5 40.
Bxg6+ Kxg6 41. Rd5 Rc7 42. e6 Kf6 43. Rxh5 Kxe6 44.
Re5+ Kf6 45. Re2 Bd6 46. g3 Rb7 47. Re3 Bc5 48. Rd3 Ra7 49. Kg2 Ra2 50. Rd2 Ra3 51. Rc2 Ba7 52. Rb2 Ra5 53. b4 Rb5 54. Rb3 Bc5 55. Ne1 Rb8 56. Nd3 Bd4 57. b5 Rb6 58. f4 Kf5 59. Kf3 Ke6 60. Ke4 Bg1 61. g4 Kf7 62. g5 Re6+ 63. Kf5 Bb6 64. Ne5+ Ke7 65. g6 Rf6+ 66. Ke4 Kf8 67. Rh3 1-0

[Event "Early-Titled-Tuesday-Blitz-February-06-2024"]
[Site "Chess.com"]
[Date "2024.02.06"]
[Round "6"]
[White "kpio91"]
[Black "NikoTheodorou"]
[Result "1-0"]
[WhiteElo "2847"]
[BlackElo "3047"]
[TimeControl "180+1"]
[EndTime "9:08:21 PST"]
[Termination "kpio91 won on time"]

1. e4 b6 2. Nc3 Bb7 3. d4 d6 4.
Nf3 Nd7 5. Bc4 e6 6. O-O g6 7. a4 a6 8. Bg5 Ne7 9. h3 h6 10. Bh4 Bg7 11. Re1 g5 12. Bg3 Ng6 13. d5 Bxc3 14. bxc3 e5 15. a5 h5 16. axb6 cxb6 17. Be2 Nc5 18. Nd2 h4 19. Bh2 Kf8 20. Kh1 Bc8 21. f3 Nf4 22. Bf1 Bd7 23. Nb3 Na4 24.
c4 Qc7 25. Qd2 Kg7 26. Bg1 Rhc8 27. Bf2 f6 28. Reb1 b5 29. Na5 Rab8 30. cxb5 axb5 31. c4 b4 32. Nb3 Nc3 33. Rc1 Ra8 34. c5 Ba4 35. cxd6 Qxd6 36. Qb2 Bxb3 37. Qxb3 Kg6 38. Qb2 Rab8 39. Ra6 Qd8 40. Rca1 Nh5 41. Kg1 Ng3 42. Bd3 Qe7 43. Ra7 Rb7 44. d6 Qd7 45.
Rxb7 Qxb7 46. Ra7 Qb8 47. d7 Rd8 48. Qb3 Qd6 49. Qc4 Nh5 50. Bc2 Nf4 51. Bb3 Rxd7 52. Qg8+ Kh6 53. Qh8+ Kg6 54. Qe8+ Kh6 55. Rxd7 1-0

[Event "Early-Titled-Tuesday-Blitz-February-06-2024"]
[Site "Chess.com"]
[Date "2024.02.06"]
[Round "6"]
[White "KubaGepard"]
[Black "carokannlover213"]
[Result "0-1"]
[WhiteElo "2555"]
[BlackElo "2764"]
[TimeControl "180+1"]
[EndTime "9:08:21 PST"]
[Termination "carokannlover213 won by resignation"]

1. d4 g6 2. e4 Bg7 3. Nc3 c6 4. Bc4 d6 5. a4 Nf6 6. Nf3 O-O 7. h3 Nxe4 8. Nxe4 d5 9. Bd3 dxe4 10. Bxe4 Nd7 11.
O-O e5 12. dxe5 Nxe5 13. Nxe5 Bxe5 14. Bh6 Bg7 15. Bxg7 Kxg7 16. Qf3 Be6 17. a5 a6 18. Rfd1 Qf6 19. c3 Rfd8 20. Qe3 Qe5 21. Bd3 Qxe3 22. fxe3 Kf6 23. Kf2 Ke5 24. Ra4 f5 25. Rd4 c5 26. Rxd8 Rxd8 27. Bc2 Rb8 28. Bd3 b6 29. axb6 Rxb6 30. Rd2 a5 31. Be2 h6 32. h4 g5 33. hxg5 hxg5 34. g3 Bd5 35. Bd3 Rh6 36.
Bf1 Rh2+ 37. Ke1 Rh1 38. Kf2 Be4 39. b3 Rh8 40. Rd7 Rh2+ 41. Ke1 Rb2 42. Bc4 Rg2 43. Re7+ Kf6 44. Re6+ Kg7 45. Re7+ Kg6 46. Ra7 Rxg3 47. Rxa5 Rxe3+ 48. Kd2 f4 49. Rxc5 g4 50. Re5 g3 51.
Bd5 Rd3+ 52. Ke2 f3+ 53. Ke1 f2+ 54. Ke2 Rxd5 55. Rxe4 Rd1 56. Rg4+ Kf5 57. Kxd1 f1=Q+ 0-1

[Event "Early-Titled-Tuesday-Blitz-February-06-2024"]
[Site "Chess.com"]
[Date "2024.02.06"]
[Round "6"]
[White "Jumbo"]
[Black "Statham_01"]
[Result "0-1"]
[WhiteElo "2851"]
[BlackElo "2571"]
[TimeControl "180+1"]
[EndTime "9:08:22 PST"]
[Termination "Statham_01 won on time"]

1. d4 Nf6 2. Nf3 e6 3. Bf4 d5 4. e3 c5 5. Nbd2 Nc6 6. c3 Bd6 7. Bg3 O-O 8. Bd3 Re8 9. dxc5 Bxc5 10. e4 e5 11. O-O Bg4 12. exd5 Qxd5 13. Bc4 Bxf3 14.
Bxd5 Bxd1 15. Bxc6 bxc6 16. Raxd1 Nd5 17. Nc4 f6 18.
Na5 Rec8 19. Rfe1 Rab8 20. Re2 Rb5 21. Nb3 Nb6 22. Rc2 Be7 23. c4 Rb4 24. Rdc1 Rd8 25. f3 Na4 26. Kf1 Nc5 27. Na5 Rd6 28. a3 Ra4 29. b4 Nd3 30. Rd1 Rxa3 31. c5 Re6 32.
Rb1 e4 33. fxe4 Kf7 34. Rc4 g6 35. h3 f5 36. exf5 gxf5 37. Kg1 Bg5 38. Bf2 Nxf2 39. Kxf2 Ra2+ 40. Kf1 Ree2 41. Nxc6 Rf2+ 42. Ke1 Rae2+ 43.
Kd1 Rd2+ 44. Ke1 Rxg2 45. Ne5+ Kg7 46. Kf1 Rdf2+ 47. Ke1 Be3 0-1

[Event "Early-Titled-Tuesday-Blitz-February-06-2024"]
[Site "Chess.com"]
[Date "2024.02.06"]
[Round "6"]
[White "Blitzking642"]
[Black "azikom"]
[Result "1/2-1/2"]
[WhiteElo "2542"]
[BlackElo "2701"]
[TimeControl "180+1"]
[EndTime "9:08:22 PST"]
[Termination "Game drawn by repetition"]

1. e4 c5 2. Nf3 e6 3. g3 Nc6 4. Bg2 d5 5. exd5 exd5 6. O-O Nf6 7. d4 Be7 8. dxc5 O-O 9. a3 Bxc5 10. b4 Bb6 11. Nc3 h6 12. Na4 Bc7 13. Bb2 Re8 14. Qd3 Bg4 15. h3 Bh5 16. Rfe1 Rxe1+ 17. Rxe1 Bg6 18. Qd1 Ne4 19. Nh4 Bh7 20. c4 Nxg3 21. fxg3 Bxg3 22. Qg4 Qg5 23. cxd5 Bxe1 24. Qxg5 hxg5 25.
Nf3 Bg3 26. dxc6 bxc6 27. Nxg5 Bc2 28. Nc5 Re8 29. Bxc6 Re1+ 30. Kg2 Bf4 31. Nge4 Rb1 32. Bd4 Bc7 33. Na6 Bb6 34. Bxb6 axb6 35. a4 Rc1 36. Nf2 Ra1 37. a5 bxa5 38. bxa5 Rxa5 39. Nb4 Bg6 40.
Nd5 Rc5 41. Ne7+ Kh7 42. Nxg6 Kxg6 43. Be4+ f5 44. Bf3 Kf6 45. Kg3 Ra5 46. h4 Ra3 47. Kf4 Ra4+ 48. Kg3 Ra3 49. Kf4 Ra4+ 50. Kg3 Ra3 1/2-1/2